 Dungeon Crawl Stone Soup version 0.25-a0-302-g9f758675c1 (webtiles) character file.

Game seed: 7678646563592072261, levelgen mode: deterministic

43 Gremour the Skirmisher (level 3, -1/34 HPs)
             Began as a Draconian Monk on Dec 20, 2019.
             Was a Believer of the Shining One.
             Slain by an orc priest
             ... wielding a +0 flail
              (11 damage)
             ... on level 3 of the Dungeon.
             The game lasted 00:07:16 (2040 turns).

Gremour the Skirmisher (Draconian Monk)             Turns: 2040, Time: 00:07:17

Health: -1/34      AC:  5    Str: 13    XL:     3   Next: 37%
Magic:  3/3        EV: 13    Int: 10    God:    the Shining One [**....]
Gold:   150        SH:  0    Dex: 14    Spells: 2/2 levels left

rFire    . . .     SeeInvis .   a - +0 falchion
rCold    . . .     Gourm    +   (no shield)
rNeg     + . .     Faith    .   (armour unavailable)
rPois    .         Spirit   .   (helmet restricted)
rElec    .         Reflect  .   (no cloak)
rCorr    .         Harm     .   (no gloves)
MR       .....                  (no boots)
Stlth    +.........             c - amulet of the gourmand
HPRegen  0.11/turn              i - ring of wizardry
MPRegen  0.08/turn              (no ring)

@: glowing
A: unfitting armour, cold-blooded, AC +5
a: Divine Shield, Renounce Religion


You were on level 3 of the Dungeon.
You worshipped the Shining One.
The Shining One was pleased with you.
You were very full.

You visited 1 branch of the dungeon, and saw 3 of its levels.

You collected 150 gold pieces.

Inventory:

Hand Weapons
 a - a +0 falchion (weapon)
Jewellery
 c - an amulet of the gourmand (around neck)
 i - a ring of wizardry (left hand)
Scrolls
 d - 6 scrolls of remove curse {unknown}
 e - 2 scrolls of identify {unknown}
 g - a scroll of teleportation {unknown}
 k - 2 scrolls of immolation {unknown}
 l - a scroll of blinking {unknown}
Potions
 f - a potion of agility {unknown}
 h - a potion of resistance {unknown}
 j - a potion of lignification {unknown}
Comestibles
 b - 5 rations


   Skills:
 * Level 4.5 Fighting
 - Level 3.0 Long Blades
 + Level 3.1 Dodging
 - Level 1.7 Stealth


You had 2 spell levels left.
You didn't know any spells.
Your spell library was empty.

Dungeon Overview and Level Annotations

Branches:
Dungeon (3/15)

Altars:
Ashenzari
Elyvilon
The Shining One


Innate Abilities, Weirdness & Mutations

Your plain brown scales are hard. (AC +5)
You cannot fit into any form of body armour.
You are cold-blooded and may be slowed by cold attacks.


Message History

The orc barely misses you.
You completely miss the orc.
The orc is lightly wounded.
You hit the orc priest.
The orc priest is moderately wounded.
The orc priest invokes the aid of Beogh against you.
Beogh smites you!
Unknown command.
You hit the orc priest.
The orc priest is heavily wounded.
The orc misses you. The orc hits you with a +0 flail!
* * * LOW HITPOINT WARNING * * *
The orc priest looks satisfied for a moment.
Unknown command.
You hit the orc priest but do no damage.
The orc priest is heavily wounded.
The orc closely misses you. x2
The orc priest hits you but does no damage.
The orc priest hits you with a +0 flail!
You die...

...# ....# ....#
...# ##########..# .
#......o....#...
#...[.@o........
#......o..###.!
#...........##
#............##
#.............###
#....<..........####
#...............<..#
#######..........###
..............


You could see an orc priest and 2 orcs.

Vanquished Creatures
  A dart slug (D:1)
  An orc (D:3)
  A giant cockroach (D:1)
  4 goblins
  6 hobgoblins
  3 jackals (D:1)
  5 kobolds
  6 bats
  7 frilled lizards
  6 rats
40 creatures vanquished.

Notes
Turn   | Place    | Note
-------+----------+-------------------------------------------
     0 | D:1      | Gremour the Draconian Monk began the quest for the Orb.
     0 | D:1      | Reached XP level 1. HP: 19/19 MP: 1/1
    13 | D:1      | Noticed a wyvern
    13 | D:1      | Noticed a water moccasin
   282 | D:1      | Reached XP level 2. HP: 27/27 MP: 2/2
   440 | D:1      | Reached skill level 4 in Fighting
  1053 | D:1      | Reached XP level 3. HP: 33/33 MP: 3/3
  1242 | D:2      | Found a shattered altar of Ashenzari.
  1526 | D:2      | Found a glowing golden altar of the Shining One.
  1538 | D:2      | Became a worshipper of the Shining One
  1538 | D:2      | Reached * piety under the Shining One
  1538 | D:2      | Reached ** piety under the Shining One
  1578 | D:2      | Found a white marble altar of Elyvilon.
  2040 | D:3      | Slain by an orc priest

Levels and vault maps discovered:
D:1:      onia_arrival_zoo_common, layout_loops_corners, minmay_misc_feat_iff
D:2:      layout_basic, nicolae_ashenzari_panopticon, lemuel_crystal_altar,
          lemuel_round_altar, serial_bayou, serial_bayou_lake_a,
          serial_bayou_pond_a, serial_bayou_pond_d, serial_bayou_shore_a,
          grunt_decor_mini_mirrors, minmay_lizard_pond
D:3:      layout_basic, lemuel_round_altar, old_standard_altar,
          gup_sewer_entry_spiral

Skill      XL: |  1  2 |
---------------+-------+-----
Fighting       | 4 |  4.5
Dodging        | 3 |  3.1
Long Blades    | |  3.0
Stealth        | |  1.7

Action                   || total
-------------------------++-------
Melee: Falchion          ||   111
       Tailslap          ||    11
 Stab: Sleeping          ||     3
  Eat: Chunk             ||    11
Armor: Skin              ||    23
Dodge: Dodged            ||    72
       Rpst.: Falchion   ||    24

Table legend:
 A = Non-vault XP
 B = Vault XP
 C = Vault XP percentage of total XP
 D = Non-vault monster count
 E = Vault monster count
 F = Vault count percentage of total count
                 A         B        C        D         E       F
            +---------+---------+-------+---------+---------+-------
      Total |      58 |       4 |   6.5 |      36 |       4 |  10.0
            +---------+---------+-------+---------+---------+-------
        D:1 |      41 |       0 |   0.0 |      24 |       0 |   0.0
        D:2 |      12 |       4 |  25.0 |       9 |       4 |  30.8
        D:3 |       5 |       0 |   0.0 |       3 |       0 |   0.0
            +---------+---------+-------+---------+---------+-------
